 Dungeon Crawl Stone Soup version 0.25.1-2-g60ff931df9 (webtiles) character file.

Game seed: 6190706893692811171

309 Goaboa the Chopper (level 6, -1/51 HPs)
             Began as a Gnoll Wanderer on Sept 28, 2020.
             Slain by a slave (2 damage)
             ... led by Pikel
             ... on level 4 of the Dungeon on Oct 10, 2020.
             The game lasted 00:27:22 (3569 turns).

Goaboa the Chopper (Gnoll Wanderer)                 Turns: 3569, Time: 00:27:22

Health: -1/51      AC:  8    Str: 21    XL:     6   Next: 41%
Magic:  8/8        EV:  9    Int: 18    God:
Gold:   174        SH:  0    Dex: 12    Spells: 8/8 levels left

rFire    + . .     SeeInvis .   p - +2 short sword (speed)
rCold    + . .     Gourm    .   (no shield)
rNeg     + . .     Faith    .   o - +0 chain mail
rPois    .         Spirit   .   (no helmet)
rElec    .         Reflect  .   w - scarf {rC+ rF+}
rCorr    .         Harm     .   (no gloves)
MR       .....                  (no boots)
Stlth    ..........             (no amulet)
HPRegen  0.17/turn              C - ring of positive energy
MPRegen  0.11/turn              m - +6 ring of strength

@: no status effects
A: distributed training, fangs 1, strong nose
a: no special abilities


You were on level 4 of the Dungeon.
You were hungry.

You visited 1 branch of the dungeon, and saw 4 of its levels.

You collected 174 gold pieces.

Inventory:

Hand Weapons
 a - a +0 hand axe
 p - a +2 short sword of speed (weapon)
Missiles
 b - 4 throwing nets (quivered)
Armour
 c - a +0 leather armour
 i - a +0 cloak
 j - a +0 leather armour
 o - a +0 chain mail (worn)
 w - a scarf of resistance (worn)
Jewellery
 e - an uncursed ring of stealth
 m - a +6 ring of strength (right hand)
 x - a +6 ring of dexterity
 y - an uncursed ring of wizardry
 C - a ring of positive energy (left hand)
Scrolls
 h - 2 scrolls of identify
 k - 2 scrolls of remove curse {unknown}
 q - a scroll of teleportation {unknown}
 r - a scroll of enchant weapon {unknown}
 t - a scroll of random uselessness {unknown}
 v - 3 scrolls of enchant armour
 B - a scroll of noise {unknown}
Potions
 d - a potion of lignification
 g - a potion of stabbing {unknown}
 l - a potion of berserk rage {unknown}
 n - a potion of degeneration {unknown}
 s - a potion of curing {unknown}
 u - a potion of cancellation {unknown}
 z - a potion of ambrosia {unknown}
Comestibles
 f - 7 rations


   Skills:
 + Level 5.0 Fighting
 + Level 1.9 Short Blades
 + Level 1.9 Long Blades
 + Level 6.8 Axes
 + Level 1.9 Maces & Flails
 + Level 5.0 Polearms
 + Level 1.9 Staves
 + Level 1.9 Slings
 + Level 1.9 Bows
 + Level 1.9 Crossbows
 + Level 1.9 Throwing
 + Level 1.9 Armour
 + Level 3.2 Dodging
 + Level 1.9 Stealth
 + Level 5.0 Shields
 + Level 1.9 Unarmed Combat
 + Level 1.9 Spellcasting
 + Level 1.5 Conjurations
 + Level 1.5 Hexes
 + Level 1.5 Charms
 + Level 1.5 Summonings
 + Level 1.5 Necromancy
 + Level 1.5 Translocations
 + Level 1.5 Transmutations
 + Level 1.5 Fire Magic
 + Level 1.5 Ice Magic
 + Level 1.5 Air Magic
 + Level 1.5 Earth Magic
 + Level 1.5 Poison Magic
 + Level 2.1 Invocations
 + Level 1.9 Evocations


You had 8 spell levels left.
You didn't know any spells.
Your spell library was empty.

Dungeon Overview and Level Annotations

Branches:
Dungeon (4/15)
 Temple: D:4-7

Altars:
Kikubaaqudgha
Okawaru
Trog
Wu Jian

Annotations:
D:4 Pikel


Innate Abilities, Weirdness & Mutations

Your experience applies equally to all skills.
You have very sharp teeth.
Your uncanny sense of smell can sniff out nearby items.


Message History

Pikel is moderately wounded.
Pikel hits you but does no damage. The slave hits you.
* * * LOW HITPOINT WARNING * * *
You completely miss Pikel.
Pikel is moderately wounded.
The slave closely misses you. The slave hits you but does no damage.
You puncture Pikel!
Pikel is heavily wounded.
Pikel hits you with a +1 whip of freezing.
* * * LOW HITPOINT WARNING * * *
The slave hits you but does no damage. The slave hits you.
* * * LOW HITPOINT WARNING * * *
The slave barely misses you.
Unknown command.
You completely miss Pikel. You bite Pikel.
Pikel is heavily wounded.
Pikel hits you with a +1 whip of freezing.
* * * LOW HITPOINT WARNING * * *
The slave hits you.
You die...

.........# #....... ..........#
##...... ..?... #.........##
##..... ...... ..........#
##.... ...... #.........##
#.... .....## #(.........#
##.... ∆##....## ##.........#
##..... #......###
#.pp......####...###
.#........####.K@............##
...............p............##
....###.............######..##
.. ###..........## #...#
#...##.....# ##..##
##..###....## ##..### #.##
##....# #..... #.# ##...##
#.#### #># ###..## ###


You could see Pikel and 3 slaves.

Vanquished Creatures
  A slave (D:4)
  An orc priest (D:3)
  3 orc wizards (D:3)
  Terence (D:3)
  Robin (D:4)
  2 gnolls (D:3)
  4 adders
  2 oozes
  A dart slug (D:2)
  A leopard gecko (D:2)
  13 orcs (D:3)
  6 bats
  8 giant cockroaches
  17 goblins
  10 hobgoblins
  A jackal (D:2)
  A quokka (D:3)
  A ball python (D:1)
  6 frilled lizards
  A kobold (D:1)
  8 rats
89 creatures vanquished.

Notes
Turn   | Place    | Note
-------+----------+-------------------------------------------
     0 | D:1      | Goaboa the Gnoll Wanderer began the quest for the Orb.
     0 | D:1      | Goaboa set off with the following items: a +0 hand axe, 3
                  | throwing nets, a +0 leather armour, a potion of
                  | lignification, a ration
     0 | D:1      | Reached XP level 1. HP: 20/20 MP: 1/1
   244 | D:1      | Reached XP level 2. HP: 20/26 MP: 2/2
   518 | D:1      | Reached XP level 3. HP: 28/31 MP: 3/3
   815 | D:2      | Found an iron altar of Okawaru.
  1003 | D:2      | Reached skill level 1 in Invocations
  1042 | D:2      | Reached skill level 1 in Short Blades
  1042 | D:2      | Reached skill level 1 in Long Blades
  1042 | D:2      | Reached skill level 1 in Maces & Flails
  1042 | D:2      | Reached skill level 1 in Staves
  1042 | D:2      | Reached skill level 1 in Slings
  1042 | D:2      | Reached skill level 1 in Bows
  1042 | D:2      | Reached skill level 1 in Crossbows
  1042 | D:2      | Reached skill level 1 in Throwing
  1042 | D:2      | Reached skill level 1 in Armour
  1042 | D:2      | Reached skill level 1 in Stealth
  1042 | D:2      | Reached skill level 1 in Unarmed Combat
  1042 | D:2      | Reached skill level 1 in Spellcasting
  1042 | D:2      | Reached skill level 1 in Evocations
  1044 | D:2      | Reached XP level 4. HP: 35/38 MP: 5/5
  1375 | D:3      | Reached skill level 1 in Conjurations
  1375 | D:3      | Reached skill level 1 in Hexes
  1375 | D:3      | Reached skill level 1 in Charms
  1375 | D:3      | Reached skill level 1 in Summonings
  1375 | D:3      | Reached skill level 1 in Necromancy
  1375 | D:3      | Reached skill level 1 in Translocations
  1375 | D:3      | Reached skill level 1 in Transmutations
  1375 | D:3      | Reached skill level 1 in Fire Magic
  1375 | D:3      | Reached skill level 1 in Ice Magic
  1375 | D:3      | Reached skill level 1 in Air Magic
  1375 | D:3      | Reached skill level 1 in Earth Magic
  1375 | D:3      | Reached skill level 1 in Poison Magic
  1375 | D:3      | Reached XP level 5. HP: 19/43 MP: 6/6
  1391 | D:3      | HP: 2/43 [orc/+0 war axe (5)]
  2067 | D:3      | Found an ancient bone altar of Kikubaaqudgha.
  2172 | D:3      | Found a bloodstained altar of Trog.
  2653 | D:3      | Found an ornate altar of the Wu Jian Council.
  2656 | D:3      | Noticed Terence
  2675 | D:3      | Reached XP level 6. HP: 49/50 MP: 8/8
  2719 | D:3      | Killed Terence
  2946 | D:4      | Noticed a slave
  2987 | D:4      | Killed a slave
  3045 | D:4      | Noticed Robin
  3107 | D:4      | Killed Robin
  3116 | D:4      | Reached skill level 5 in Fighting
  3116 | D:4      | Reached skill level 5 in Polearms
  3116 | D:4      | Reached skill level 5 in Shields
  3533 | D:4      | Noticed Pikel
  3536 | D:4      | Noticed a slave
  3537 | D:4      | Noticed a slave
  3537 | D:4      | Noticed a slave
  3568 | D:4      | HP: 2/51 [slave[Pikel] (2)]
  3569 | D:4      | Slain by a slave

Illustrated notes

Levels and vault maps discovered:
D:1:      dpeg_arrival_rhombus, layout_basic
D:2:      layout_loops_ring, kennysheep_okawaru_gauntlet,
          minmay_overflow_temple_star_quad, minmay_tromino_v7
D:3:      layout_basic, lemuel_crystal_altar, kiku_gazebo_pond_becter,
          first_ration, trog_three_pillars_becter, uniq_terence
D:4:      layout_layer_cave, cheibrodos_ashenzari_chains, uniq_robin, uniq_pikel

Skill      XL: |  1  2  3  4  5  6 |
---------------+-------------------+-----
Invocations    | 1 2 |  2.1
Short Blades   | 1 |  1.9
Long Blades    | 1 |  1.9
Maces & Flails | 1 |  1.9
Staves         | 1 |  1.9
Slings         | 1 |  1.9
Bows           | 1 |  1.9
Crossbows      | 1 |  1.9
Throwing       | 1 |  1.9
Armour         | 1 |  1.9
Stealth        | 1 |  1.9
Unarmed Combat | 1 |  1.9
Spellcasting   | 1 |  1.9
Evocations     | 1 |  1.9
Conjurations   | 1 |  1.5
Hexes          | 1 |  1.5
Charms         | 1 |  1.5
Summonings     | 1 |  1.5
Necromancy     | 1 |  1.5
Translocations | 1 |  1.5
Transmutations | 1 |  1.5
Fire Magic     | 1 |  1.5
Ice Magic      | 1 |  1.5
Air Magic      | 1 |  1.5
Earth Magic    | 1 |  1.5
Poison Magic   | 1 |  1.5
Dodging        | 3 |  3.2
Fighting       | 5 |  5.0
Polearms       | 5 |  5.0
Shields        | 5 |  5.0
Axes           | |  6.8

Action                   |  1- 3 |  4- 6 || total
-------------------------+-------+-------++-------
Melee: Hand axe          |    42 |       ||    42
       Bite              |     9 |    26 ||    35
       Short sword       |    48 |   272 ||   320
       Punch             |     1 |     1 ||     2
  Use: Scroll            |       |     1 ||     1
 Stab: Sleeping          |     1 |       ||     1
  Eat: Chunk             |       |     8 ||     8
Armor: Leather armour    |     8 |       ||     8
       Chain mail        |    36 |   130 ||   166
Dodge: Dodged            |    42 |    99 ||   141
